Map: Ice and Chrome LE

Players

DPGCure (Cure) - Winner!

  • Race: Terran Terran
  • League: Master
  • Spawn Location: 7:00

soO

  • Race: Zerg Zerg
  • League: Master
  • Spawn Location: 1:00

VOD

Have the link to the VOD?

Description

Time

  • Played on: July 19, 2020, 6:48 a.m.
  • Length: 4:47
Show
View Real Time Build Order
Export as new Build Order

DPGCure Terran - Winner!

Build Orders:  

Get SALT Encoding   

  12  0:00  SCV  
  13  0:13  Supply Depot  
  13  0:17  SCV  
  14  0:38  Barracks  
  14  0:39  Refinery  
  14  0:56  Barracks  
  14  1:11  Barracks  
  14  1:23  Refinery  
  14  1:25  Reaper  
  15  1:43  Reaper  
  16  1:57  Reaper  
  17  2:03  Reaper  
  17  2:06  Bunker  
  18  2:15  Reaper  
  19  2:30  Reaper  
  19  2:35  Reaper  
  21  2:49  Reaper  
  22  2:56  Supply Depot  
  22  3:03  Reaper  
  23  3:18  Reaper  
  22  3:46  Reaper x2  
Show
View Real Time Build Order
Export as new Build Order

soO Zerg 

Build Orders: Hatch First 

Get SALT Encoding   

  12  0:00  Drone  
  13  0:12  Overlord  
  13  0:16  Drone  
  14  0:30  Drone x2  
  16  0:47  Hatchery  
  15  0:50  Drone  
  15  0:54  Drone  
  17  0:58  Drone  
  18  1:08  Extractor  
  17  1:13  Spawning Pool  
  17  1:15  Drone  
  17  1:18  Drone  
  18  1:28  Drone  
  19  1:38  Drone  
  20  1:48  Overlord  
  20  2:00  Zergling x4  
  20  2:01  Queen x2  
  26  2:11  Spore Crawler, Metabolic Boost  
  26  2:14  Zergling x2, Extractor  
  25  2:21  Zergling x6  
  30  2:29  Spore Crawler  
  28  2:30  Spore Crawler  
  28  2:33  Zergling x2  
  27  2:42  Queen  
  31  2:46  Zergling x4  
  33  2:55  Zergling x2  
  33  3:02  Spine Crawler, Zergling x4  
  33  3:08  Zergling x2  
  33  3:09  Zergling x2  
  30  3:14  Zergling x2  
  30  3:16  Zergling x2  
  28  3:26  Zergling x2  
  24  3:37  Zergling x2  
  18  3:49  Zergling x2  
  18  3:51  Zergling x2  
  18  4:01  Zergling x2  
  18  4:09  Zergling x2  
Tags
 
Add a new tag
Caveats
  • Supply blocks, unpowered buildings, or Contaminate may cause inaccurate times.
  • Supply counts are checked every 10 seconds.